 Dungeon Sprint DCSS version 0.28-a0-1395-g4f6bc678fa (webtiles) character file.

Game seed: 11340963024786066365

3486 rocky1 the Basher (level 10, -13/71 HPs)
             Began as a Gargoyle Fighter on Jan 5, 2022.
             Was an Initiate of Gozag.
             Mangled by an alligator snapping turtle (24 damage)
             ... in the Dungeon (Sprint VII: "The Pits").
             The game lasted 00:07:47 (1565 turns).

rocky1 the Basher (Gargoyle Fighter)                Turns: 1565, Time: 00:07:48

Health: -13/71     AC: 30    Str: 22    XL:     10   Next: 7%
Magic:  10/10      EV: 11    Int: 12    God:    Gozag
Gold:   1531       SH:  5    Dex: 11    Spells: 9/9 levels left

rFire   . . .      SeeInvis .   n - +0 mace (vorpal)
rCold   . . .      Faith    .   c - +0 buckler
rNeg    + . .      Spirit   .   a - +3 chain mail
rPois   ∞          Reflect  .   b - +2 helmet {Int+3}
rElec   +          Harm     .   (no cloak)
rCorr   .          Rampage  ∞   (no gloves)
Will    .....      NoTele   +   d - +3 pair of seven-league boots {Rampage+∞}
Stlth   ..........              (no amulet)
HPRegen 0.21/turn               (no ring)
MPRegen 0.12/turn               (no ring)

@: invisible (expiring)
A: sickness immunity, AC +7, negative energy resistance 1, electricity
resistance, torment resistance 1, petrification resistance
a: Renounce Religion, Potion Petition, Call Merchant, Bribe Branch


You were in the Dungeon.
You worshipped Gozag.
Gozag was most pleased with you.
You visited 1 branch You collected 3105 gold pieces.
You spent 861 gold pieces at shops.
You paid 713 gold pieces to Gozag.

Inventory:

Hand Weapons
 n - a +0 vorpal mace (weapon)
Armour
 a - a +3 chain mail (worn)
 b - a +2 helmet of intelligence (worn)
 c - a +0 buckler (worn)
 d - the +3 pair of seven-league boots (worn) {Rampage+∞}
   (You bought it in a shop in the Dungeon)

   Its wearer moves as far as possible in that direction when moving towards
   enemies.
Scrolls
 j - a scroll of blinking
 l - 5 scrolls of amnesia
 m - a scroll of summoning
Potions
 f - 5 potions of curing
 h - 4 potions of magic


   Skills:
 + Level 11.8 Fighting
 - Level 14.0 Maces & Flails
 + Level 11.8 Armour
 + Level 8.7 Dodging
 - Level 5.3 Shields


You had 9 spell levels left.
You didn't know any spells.
Your spell library was empty.

Dungeon Overview and Level Annotations

Branches:
Dungeon (1/1)

Altars:
Ashenzari
Cheibriados
Dithmenos
Elyvilon
Fedhas
Gozag
Hepliaklqana
Kikubaaqudgha
Makhleb
Nemelex Xobeh
Okawaru
Qazlal
Ru
Sif Muna
Trog
Uskayaw
Vehumet
Wu Jian
Xom
Yredelemnul
Zin
The Shining One
Beogh
Jiyva
Lugonu

Shops:
D [


Innate Abilities, Weirdness & Mutations

You are immune to sickness and miasma.
Your stone body is resilient. (AC +7)
You are immune to poison.
You resist negative energy. (rN+)
You are resistant to electric shocks. (rElec)
You are resistant to unholy torment.
You are immune to petrification.


Message History

You hit the alligator snapping turtle.
The alligator snapping turtle is moderately wounded.
The alligator snapping turtle bites you but does no damage.
You hit the alligator snapping turtle but do no damage.
The alligator snapping turtle is moderately wounded.
You hit the alligator snapping turtle but do no damage.
The alligator snapping turtle is moderately wounded.
The alligator snapping turtle bites you but does no damage.
You hit the alligator snapping turtle but do no damage.
The alligator snapping turtle is moderately wounded.
You hit the alligator snapping turtle.
The alligator snapping turtle is moderately wounded.
You block the alligator snapping turtle's attack.
You strike the helpless alligator snapping turtle from behind!
You hit the alligator snapping turtle but do no damage.
The alligator snapping turtle is moderately wounded.
You hit the alligator snapping turtle but do no damage.
The alligator snapping turtle is moderately wounded.
The alligator snapping turtle closely misses you.
You hit the alligator snapping turtle.
The alligator snapping turtle is moderately wounded.
You catch the helpless alligator snapping turtle completely off-guard!
You thump the alligator snapping turtle!
The alligator snapping turtle is heavily wounded.
The alligator snapping turtle misses you.
You catch the helpless alligator snapping turtle completely off-guard!
You sock the alligator snapping turtle!
The alligator snapping turtle is heavily wounded.
You catch the helpless alligator snapping turtle completely off-guard!
You hit the alligator snapping turtle but do no damage.
The alligator snapping turtle is heavily wounded.
You block the alligator snapping turtle's attack.
You hit the alligator snapping turtle.
The alligator snapping turtle is heavily wounded.
You flicker for a moment.
You hit the alligator snapping turtle but do no damage.
The alligator snapping turtle is heavily wounded.
The alligator snapping turtle bites you!!
You die...
Your body crumbles into a pile of gold.

#.#........##.......##..##
#.#........##.......##..#.
#'###########.......##.[#.
#.......# ##########..[.
#..###..# #..#. #.......#
#..#. ##.###.##+# #..##
#.......#t+ #...#
#..###..#@# #....
#.......'[# #....
########### #####


You could see an alligator snapping turtle.

Vanquished Creatures
  An orc knight (D)
  An orc sorcerer (D)
  A black mamba (D)
  A manticore (D)
  A red devil (D)
  5 yaks (D)
  A flying skull (D)
  A fire bat (D)
  A steam dragon (D)
  A warg (D)
  A water moccasin (D)
  2 orc warriors (D)
  2 ice beasts (D)
  A black bear (D)
  A centaur (D)
  A mummy (D)
  A gnoll (D)
  A river rat (D)
  A white imp (D)
  An ufetubus (D)
  3 orcs (D)
  An endoplasm (D)
  2 kobolds (D)
  A ball python (D)
  A frilled lizard (D)
  A goblin (D)
  A quokka skeleton (D)
36 creatures vanquished.

Vanquished Creatures (others)
  A cyclops (D)
1 creature vanquished.

Grand Total: 37 creatures vanquished

Notes
Turn   | Place    | Note
-------+----------+-------------------------------------------
     0 | D        | rocky1 the Gargoyle Fighter began the quest for the Orb.
     0 | D        | Reached XP level 1. HP: 14/14 MP: 1/1
    15 | D        | Reached skill level 3 in Maces & Flails
    15 | D        | Reached XP level 2. HP: 19/19 MP: 2/2
    19 | D        | Found a bloodstained altar of Trog.
    19 | D        | Found a shimmering blue altar of Sif Muna.
    19 | D        | Found a viscous altar of Jiyva.
    19 | D        | Found a hazy altar of Hepliaklqana.
    19 | D        | Found an opulent altar of Gozag.
    20 | D        | Found a glowing golden altar of the Shining One.
    20 | D        | Found a glowing silver altar of Zin.
    20 | D        | Found a basalt altar of Yredelemnul.
    20 | D        | Found a shimmering altar of Xom.
    20 | D        | Found an ornate altar of the Wu Jian Council.
    20 | D        | Found a sacrificial altar of Ru.
    20 | D        | Found a stormy altar of Qazlal.
    20 | D        | Found an iron altar of Okawaru.
    20 | D        | Found a sparkling altar of Nemelex Xobeh.
    20 | D        | Found a burning altar of Makhleb.
    20 | D        | Found a blossoming altar of Fedhas.
    20 | D        | Found a white marble altar of Elyvilon.
    20 | D        | Found a shadowy altar of Dithmenos.
    20 | D        | Found a snail-covered altar of Cheibriados.
    22 | D        | Found a radiant altar of Vehumet.
    22 | D        | Found a corrupted altar of Lugonu.
    23 | D        | Found a hide-covered altar of Uskayaw.
    23 | D        | Found an ancient bone altar of Kikubaaqudgha.
    23 | D        | Found a broken altar of Ashenzari.
    29 | D        | Became a worshipper of Gozag Ym Sagoz the Greedy
    69 | D        | Reached skill level 4 in Maces & Flails
    69 | D        | Reached skill level 5 in Shields
    97 | D        | Noticed an ice beast
   126 | D        | Killed an ice beast
   127 | D        | Reached skill level 8 in Maces & Flails
   127 | D        | Reached XP level 3. HP: 16/23 MP: 3/3
   127 | D        | Reached XP level 4. HP: 20/28 MP: 4/4
   130 | D        | Reached XP level 5. HP: 23/32 MP: 5/5
   219 | D        | Noticed a fire bat
   219 | D        | Noticed a warg
   220 | D        | Noticed an ice beast
   230 | D        | Killed a fire bat
   231 | D        | Reached skill level 11 in Maces & Flails
   231 | D        | Reached XP level 6. HP: 37/37 MP: 6/6
   236 | D        | Killed an ice beast
   237 | D        | Reached skill level 12 in Maces & Flails
   242 | D        | Killed a warg
   243 | D        | Reached skill level 13 in Maces & Flails
   243 | D        | Reached XP level 7. HP: 35/41 MP: 7/7
   252 | D        | Reached skill level 14 in Maces & Flails
   409 | D        | Reached skill level 1 in Dodging
   422 | D        | Noticed an alligator snapping turtle
   475 | D        | Noticed a steam dragon
   475 | D        | Noticed a flying skull
   491 | D        | Killed a steam dragon
   492 | D        | Reached skill level 5 in Fighting
   492 | D        | Reached skill level 5 in Armour
   494 | D        | Killed a flying skull
   607 | D        | Noticed a manticore
   609 | D        | Noticed an orc knight
   636 | D        | Reached XP level 8. HP: 36/52 MP: 8/8
   650 | D        | Killed a manticore
   651 | D        | Reached skill level 5 in Dodging
   924 | D        | Noticed a cyclops
   927 | D        | Noticed a red devil
   936 | D        | Noticed an orc sorcerer
   937 | D        | Killed an orc knight
   938 | D        | Reached XP level 9. HP: 50/60 MP: 9/9
   944 | D        | Noticed a black mamba
   946 | D        | Noticed a red devil
   949 | D        | Noticed a soul eater
   950 | D        | Killed a cyclops
   977 | D        | Killed a red devil
   982 | D        | Noticed a rust devil
   988 | D        | Killed an orc sorcerer
   989 | D        | Reached skill level 10 in Fighting
   989 | D        | Reached skill level 10 in Armour
  1018 | D        | Killed a black mamba
  1277 | D        | Reached XP level 10. HP: 54/71 MP: 10/10
  1361 | D        | Bought a +2 helmet of intelligence for 301 gold pieces
  1361 | D        | Bought the +3 pair of seven-league boots {Rampage+∞} for
                  | 560 gold pieces
  1361 | D        | Found the +3 pair of seven-league boots {Rampage+∞}
  1565 | D        | Mangled by an alligator snapping turtle

Illustrated notes

Levels and vault maps discovered:
D:        pitsprint [storerooms_1, entrance_room_1, metal_vault_6, armoury_3,
          mini_pit_1, grid_room_1, main_hall_1, silver_pit, the_coven_1,
          the_vestibule_1, steel_vault_1, golden_pit, hallway_of_sentries,
          crystal_vault_1, iron_vault_2, final_vault]

Skill      XL: |  1  2  3  4  5  6  7  8  9 |
---------------+----------------------------+-----
Maces & Flails | 3 8 11 13 14 | 14.0
Shields        | 4 5 |  5.3
Fighting       | 6 9 11 | 11.8
Armour         | 6 9 11 | 11.8
Dodging        | 4 6 8 |  8.7

Action                   |  1- 3 |  4- 6 |  7- 9 | 10-12 || total
-------------------------+-------+-------+-------+-------++-------
Melee: Flail             |    25 |     2 |       |       ||    27
       Mace              |       |    16 |   152 |    43 ||   211
Invok: Call Merchant     |       |       |       |     1 ||     1
  Use: Potion            |     2 |     2 |     9 |     1 ||    14
 Stab: Distracted        |       |       |     2 |       ||     2
       Invisible         |       |       |     6 |     8 ||    14
Armor: Scale mail        |    11 |       |       |       ||    11
       Chain mail        |       |    12 |    62 |     7 ||    81
Dodge: Dodged            |     7 |     4 |    33 |     9 ||    53
Block: Buckler           |     4 |     1 |    26 |     2 ||    33

Table legend: (Time is in decaauts)
 A = Elapsed time spent in this place.
 B = Non-inter-level travel time spent in this place.
 C = Inter-level travel time spent in this place.
 D = Time resting spent in this place.
 E = Time spent auto-exploring this place.
 F = Levels seen in this place.
 G = Mean time per level.
                   A        B        C        D        E       F      G
               +--------+--------+--------+--------+--------+-----+--------+
         Total |   1510 |   1447 |     63 |    797 |      0 |   1 | 1510.0 |
       Dungeon |   1510 |   1447 |     63 |    797 |      0 |   1 | 1510.0 |
               +--------+--------+--------+--------+--------+-----+--------+

Top non-repeatable levels by time:
       D: 1510 daAuts
